 Dungeon Crawl Stone Soup version 0.29-a0-551-gffc1d7fb78 (webtiles) character file.

Game seed: 5197682552777129174

20959 happo123 the Jinx (level 13, -5/78 HPs)
             Began as a Kobold Enchanter on June 6, 2022.
             Was an Elder of Wu Jian.
             Succumbed to a +2 halberd of venom's poison
             ... on level 1 of the Elven Halls.
             The game lasted 01:42:07 (13372 turns).

happo123 the Jinx (Kobold Enchanter)               Turns: 13372, Time: 01:42:08

Health: -5/78      AC:  8    Str:  5    XL:     13   Next: 16%
Magic:  23/25      EV: 22    Int: 21    God:    Wu Jian [****..]
Gold:   989        SH:  0    Dex: 22    Spells: 17/28 levels left

rFire   . . .      SeeInvis .   E - +2 dagger (vamp)
rCold   . . .      Faith    .   g - orb {guile}
rNeg    . . .      Spirit   .   Y - +2 robe {Archmagi}
rPois   .          Reflect  .   F - +0 helmet
rElec   .          Harm     .   (no cloak)
rCorr   .          Rampage  .   j - +0 pair of gloves
Will    .....      Archmagi +   J - +0 pair of boots
Stlth   ++++++....              h - amulet of magic regeneration
HPRegen 0.23/turn               q - ring of willpower
MPRegen 0.59/turn               y - +6 ring of dexterity

@: lethally poisoned (-5 -> -55)
A: small, no large weapons, nightstalker 3
a: Renounce Religion, Wall Jump, Serpent's Lash


You were on level 1 of the Elven Halls.
You worshipped Wu Jian.
Wu Jian was greatly pleased with you.
You visited 4 branches of the dungeon, and saw 14 of its levels.

You collected 989 gold pieces.

Inventory:

Hand Weapons
 C - a +3 dagger of venom
 E - a +2 vampiric dagger (weapon)
 O - the +2 rapier of Dadugac {freeze, rF+}
   (You found it on level 7 of the Dungeon)

   It freezes those it strikes, dealing additional cold damage.
   It can also slow down cold-blooded creatures.
   rF:        It protects you from fire.
 X - a +2 short sword of electrocution
Missiles
 T - a throwing net
Armour
 a - +0 acid dragon scales
 b - a +0 robe
 c - a +0 troll leather armour
 g - an orb of guile (worn)
 j - a +0 pair of gloves (worn)
 s - a +2 buckler of protection
 F - a +0 helmet (worn)
 J - a +0 pair of boots (worn)
 Y - a +2 robe of the Archmagi (worn)
Jewellery
 h - an amulet of magic regeneration (around neck)
 n - a ring of flight
 q - a ring of willpower (left hand)
 y - a +6 ring of dexterity (right hand)
 R - a ring of fire
Wands
 D - a wand of iceblast (23)
 I - a wand of charming (8)
 L - a wand of mindburst (16)
 V - a wand of flame (12)
Scrolls
 d - 7 scrolls of teleportation
 f - a scroll of identify
 i - a scroll of blinking {unknown}
 l - 2 scrolls of enchant weapon
 p - 2 scrolls of noise
 r - 4 scrolls of vulnerability
 v - 2 scrolls of enchant armour
 z - 2 scrolls of fear
 A - 4 scrolls of fog
 K - a scroll of immolation {unknown}
 M - a scroll of brand weapon {unknown}
 N - 2 scrolls of summoning
 P - a scroll of magic mapping {unknown}
 U - a scroll of acquirement {unknown}
 W - a scroll of amnesia {unknown}
Potions
 e - 2 potions of flight {unknown}
 k - a potion of resistance {unknown}
 m - a potion of lignification
 o - a potion of heal wounds
 t - 3 potions of curing {unknown}
 u - a potion of cancellation {unknown}
 w - a potion of might {unknown}
 x - 3 potions of haste
 B - 2 potions of magic {unknown}
 G - 2 potions of berserk rage {unknown}
 H - 2 potions of degeneration {unknown}
 Q - a potion of brilliance {unknown}
 S - a potion of ambrosia {unknown}


   Skills:
 + Level 8.3 Fighting
 + Level 10.0 Short Blades
 - Level 5.0 Armour
 + Level 9.4 Dodging
 + Level 11.4 Stealth
 + Level 8.1 Spellcasting
 * Level 11.5 Hexes


You had 17 spell levels left.
You knew the following spells:

 Your Spells              Type           Power      Damage    Failure   Level
a - Ensorcelled Hibernat  Hex/Ice        98%        N/A       1%          2
b - Confusing Touch       Hex            71%        N/A       1%          3
c - Tukima's Dance        Hex            71%        N/A       1%          3
d - Dazzling Flash        Conj/Hex       98%        N/A       2%          3

Your spell library contained the following spells:

 Spells                   Type           Power      Damage    Failure   Level
 Beastly Appendage        Tmut           24%        N/A       8%          1
 Wereblood                Tmut           12%        N/A       12%         2
 Gell's Gravitas          Tloc           12%        N/A       24%         3
 Spider Form              Tmut/Pois      12%        N/A       24%         3
 Teleport Other           Tloc           12%        N/A       24%         3
 Dispersal                Tloc           6%         N/A       100%        6


Dungeon Overview and Level Annotations

Branches:
Dungeon (10/15)            Temple (1/1) D:7            Lair (0/6) D:10
    Orc (2/2) D:10            Elf (1/3) Orc:2

Altars:
Ashenzari
Dithmenos
Elyvilon
Fedhas
Gozag
Hepliaklqana
Kikubaaqudgha
Makhleb
Nemelex Xobeh
Okawaru
Qazlal
Ru
Sif Muna
Uskayaw
Vehumet
Wu Jian
Xom
Yredelemnul
Zin
The Shining One

Shops:
D:2 =   D:6 =   Orc:2 (*:*

Portals:
Pandemonium: Orc:2

Annotations:
Orc:2 2 transporters, Josh2000's ghost, journeyman MiFi


Innate Abilities, Weirdness & Mutations

You are small and have problems with some larger weapons.
You are completely attuned to the shadows.


Message History

You are more poisoned.
The air elemental fires a burst of electricity at you.
The stunning burst misses you.
The air elemental attacks as you move away!
The air elemental misses you.
You feel very sick.
The +2 halberd of venom hits you from afar!!
* * * LOW HITPOINT WARNING * * *
You are more poisoned.
The air elemental completely misses you.
There is a staircase back to the Mines, spattered with blood here.
You feel much better.
* * * LOW HITPOINT WARNING * * *
You feel extremely sick.
The air elemental fires a burst of electricity at you.
The stunning burst hits you.
You suddenly lose the ability to move!
* * * LOW HITPOINT WARNING * * *
The air elemental hits you!
* * * LOW HITPOINT WARNING * * *
The +2 halberd of venom completely misses you.
The air elemental hits you but does no damage.
The +2 halberd of venom hits you but does no damage.
You can move again.
You feel much better.
* * * LOW HITPOINT WARNING * * *
You feel extremely sick.
The air elemental completely misses you.
The air elemental fires a burst of electricity at you.
The stunning burst hits you.
You shrug off the repeated paralysis!
* * * LOW HITPOINT WARNING * * *
The +2 halberd of venom hits you from afar!
* * * LOW HITPOINT WARNING * * *
You are more poisoned.
Aiming: Ensorcelled Hibernation (safe; 1% risk of failure)
Press: ? - help, Q - select action, (/) - cycle Shift-Dir - straight line, f/p - air elemental
Aim: an air elemental (infinite will)
Okay, then.
As you read the scroll of summoning, it crumbles to dust.
Wisps of shadow whirl around you...
You die...

#..+
##..⌠#
##..E#
#⌠E.#
#e@.#
#eE.#
##.†(#
##..⌠#
#...
#⌠#


You could see an air elemental (ally target), a +2 halberd of venom, a friendly
deep elf knight (summoned), a friendly earth elemental (summoned), a friendly
deep elf zephyrmancer (summoned) and a friendly fire elemental (summoned).

Vanquished Creatures
  An ettin (Orc:1)
  3 demonspawn (Orc:2)
  A two-headed ogre (D:8)
  5 orc high priests (Orc:2)
  A sun demon (Orc:2)
  4 orc knights (Orc:2)
  5 orc sorcerers (Orc:2)
  An elephant (shapeshifter) (Elf:1)
  A rust devil (Orc:2)
  A smoke demon (Orc:2)
  Maggie (D:6)
  2 trolls
  The ghost of brmiller01 the Skirmisher, an amateur OgCA of Ignis (D:3)
  3 wraiths (D:9)
  2 vampires (D:9)
  A wyvern (D:10)
  2 humans (D:10)
  6 yaks (D:9)
  2 steam dragons
  A chaos spawn (Orc:2)
  Duvessa (D:4)
  A water moccasin (D:8)
  5 ice beasts
  19 orc warriors
  3 centaurs
  A sky beast (D:7)
  4 ogres
  4 kobold brigands
  3 necrophages
  3 bullfrogs
  3 gnoll sergeants
  3 scorpions
  Dowan (D:4)
  19 orc priests
  2 hounds
  3 jellies
  A gnoll shaman (D:6)
  Ijyb (D:4)
  5 iguanas
  18 orc wizards
  A scorpion zombie (D:3)
  Robin (D:3)
  18 gnolls
  7 adders
  3 worms
  2 dart slugs
  47 orcs
  2 ball pythons (D:4)
  7 endoplasms
  2 giant cockroaches
  11 goblins
  6 hobgoblins
  4 jackals (D:3)
  2 quokkas
  A ball python zombie (D:3)
  4 frilled lizards
  25 kobolds
  A quokka zombie (D:3)
  3 rats
291 creatures vanquished.

Vanquished Creatures (collateral kills)
  An orc high priest (Orc:2)
  An orc warrior (Orc:2)
  3 gnolls
  3 orcs (Orc:2)
8 creatures vanquished.

Vanquished Creatures (others)
  4 dancing weapons
  A plant (D:5)
5 creatures vanquished.

Grand Total: 304 creatures vanquished

Notes
Turn   | Place    | Note
-------+----------+-------------------------------------------
     0 | D:1      | happo123 the Kobold Enchanter began the quest for the Orb.
     0 | D:1      | Reached XP level 1. HP: 10/10 MP: 3/3
   448 | D:1      | Reached XP level 2. HP: 16/16 MP: 5/5
   456 | D:1      | Learned a level 2 spell: Ensorcelled Hibernation
  1183 | D:2      | Reached XP level 3. HP: 20/20 MP: 6/6
  1187 | D:2      | Learned a level 3 spell: Confusing Touch
  1491 | D:2      | Found Joajunuw's Jewellery Shoppe.
  1932 | D:3      | Found a radiant altar of Vehumet.
  2202 | D:3      | Reached skill level 1 in Fighting
  2202 | D:3      | Reached XP level 4. HP: 25/25 MP: 7/7
  2258 | D:3      | Noticed Robin
  2308 | D:3      | Killed Robin
  2769 | D:3      | Found a faded altar of an unknown god.
  2914 | D:3      | Reached XP level 5. HP: 29/29 MP: 9/9
  2918 | D:3      | Learned a level 3 spell: Tukima's Dance
  2948 | D:3      | Found a runed translucent door.
  2955 | D:3      | Noticed brmiller01's ghost (amateur OgCA)
  2981 | D:3      | Killed brmiller01's ghost
  2982 | D:3      | Reached skill level 5 in Stealth
  2982 | D:3      | Reached XP level 6. HP: 2/35 MP: 10/10
  3367 | D:3      | Found a basalt altar of Yredelemnul.
  3912 | D:4      | Reached XP level 7. HP: 40/40 MP: 10/12
  3992 | D:4      | Noticed Dowan
  3993 | D:4      | Noticed Duvessa
  4025 | D:4      | Killed Dowan
  4026 | D:4      | Reached skill level 5 in Hexes
  4035 | D:4      | Killed Duvessa
  4412 | D:4      | Noticed Ijyb
  4416 | D:4      | Killed Ijyb
  4636 | D:5      | Entered Level 5 of the Dungeon
  4656 | D:5      | Found a shimmering altar of Xom.
  4704 | D:5      | Reached XP level 8. HP: 46/46 MP: 13/13
  4853 | D:5      | Found an iron altar of Okawaru.
  5088 | D:5      | Reached skill level 1 in Armour
  5257 | D:5      | Reached skill level 5 in Dodging
  5372 | D:6      | Noticed Maggie
  5385 | D:6      | Killed Maggie
  5386 | D:6      | Reached skill level 5 in Short Blades
  5386 | D:6      | Reached XP level 9. HP: 35/52 MP: 15/15
  5400 | D:6      | Found Qaost's Jewellery Shoppe.
  5713 | D:6      | You are sucked into a shaft and drop 2 floors!
  6424 | D:7      | Found an ornate altar of the Wu Jian Council.
  6429 | D:7      | Became a worshipper of the Wu Jian Council
  6457 | D:7      | Reached skill level 5 in Spellcasting
  6510 | D:7      | Found a glowing golden altar of the Shining One.
  6510 | D:7      | Found a white marble altar of Elyvilon.
  6515 | D:7      | Found a glowing silver altar of Zin.
  6618 | D:7      | Found a staircase to the Ecumenical Temple.
  6624 | Temple   | Entered the Ecumenical Temple
  6943 | D:7      | Found an ornate altar of the Wu Jian Council.
  7090 | D:7      | Reached XP level 10. HP: 58/58 MP: 14/17
  7238 | D:7      | Reached skill level 5 in Fighting
  7333 | D:7      | Found a broken altar of Ashenzari.
  7338 | D:7      | Identified the +2 rapier of Dadugac {freeze, rF+}
  7427 | D:7      | Reached * piety under Wu Jian
  7593 | D:8      | Noticed a two-headed ogre
  7597 | D:8      | Killed a two-headed ogre
  8768 | D:9      | Found a shadowy altar of Dithmenos.
  8942 | D:9      | Reached XP level 11. HP: 64/64 MP: 17/20
  9173 | D:9      | Found a sparkling altar of Nemelex Xobeh.
  9617 | D:10     | Entered Level 10 of the Dungeon
 10020 | D:10     | Identified the +4 long sword of the Blushing Vulture
                  | {vorpal, rPois}
 10037 | D:10     | Found a staircase to the Orcish Mines.
 10123 | D:10     | Reached ** piety under Wu Jian
 10323 | D:10     | Found a staircase to the Lair.
 10847 | Orc:1    | Entered Level 1 of the Orcish Mines
 11066 | D:10     | Learned a level 3 spell: Dazzling Flash
 11109 | Orc:1    | Noticed an ettin
 11301 | Orc:1    | Killed an ettin
 11606 | Orc:2    | Entered Level 2 of the Orcish Mines
 11980 | Orc:2    | Found a transporter.
 11981 | Orc:2    | Noticed a two-headed ogre
 11983 | Orc:2    | Noticed Josh2000's ghost (journeyman MiFi)
 11984 | Orc:2    | Found a transporter.
 11985 | Orc:2    | Noticed a two-headed ogre
 12159 | Orc:2    | Found a staircase to the Elven Halls.
 12270 | Orc:2    | Reached *** piety under Wu Jian
 12393 | Orc:2    | Noticed an orc knight
 12458 | Orc:2    | Killed an orc knight
 12480 | Orc:2    | Found Byginaem's General Store.
 12483 | Orc:2    | Found Qynnuwul's General Store.
 12521 | Orc:2    | Reached skill level 10 in Hexes
 12535 | Orc:2    | Noticed a sun demon
 12538 | Orc:2    | Killed a sun demon
 12539 | Orc:2    | Reached skill level 10 in Stealth
 12539 | Orc:2    | Reached XP level 12. HP: 54/72 MP: 20/22
 12702 | Orc:2    | Noticed an orc high priest
 12704 | Orc:2    | Noticed an orc high priest
 12707 | Orc:2    | Killed an orc high priest
 12708 | Orc:2    | Noticed a sun demon
 12710 | Orc:2    | Killed an orc high priest
 12716 | Orc:2    | Noticed an orc high priest
 12716 | Orc:2    | Noticed an orc high priest
 12726 | Orc:2    | Killed an orc high priest
 12727 | Orc:2    | Reached skill level 5 in Armour
 12729 | Orc:2    | Killed an orc high priest
 12740 | Orc:2    | Noticed a demonspawn
 12744 | Orc:2    | Killed a demonspawn
 12774 | Orc:2    | Noticed an orc high priest
 12804 | Orc:2    | Reached **** piety under Wu Jian
 12814 | Orc:2    | Killed an orc high priest
 12824 | Orc:2    | Noticed an orc high priest
 12828 | Orc:2    | Noticed a demonspawn
 12835 | Orc:2    | Found Plog's Antique Weapon Shoppe.
 12835 | Orc:2    | Found Yreoc's Book Emporium.
 12835 | Orc:2    | Noticed a demonspawn
 12837 | Orc:2    | Found a one-way gate leading to the halls of Pandemonium.
 12838 | Orc:2    | Killed an orc high priest
 12839 | Orc:2    | Reached XP level 13. HP: 78/78 MP: 22/24
 12840 | Orc:2    | Killed a demonspawn
 12842 | Orc:2    | Killed a demonspawn
 12856 | Orc:2    | Reached skill level 10 in Short Blades
 13363 | Elf:1    | Entered Level 1 of the Elven Halls
 13365 | Elf:1    | Paralysed by an air elemental for 1 turns
 13370 | Elf:1    | Paralysed by an air elemental for 1 turns
 13372 | Elf:1    | Succumbed to a +2 halberd of venom's poison

Illustrated notes

Levels and vault maps discovered:
D:1:      dpeg_arrival_oval, layout_basic, chequers_serial_rivers_micro_c
D:2:      layout_basic, serial_shops,
          nicolae_shop_temple_entry_statues_fountains
D:3:      layout_basic, nicolae_vehumet_radiance,
          nicolae_yredelemnul_corpse_copse, ebering_ghost_reflecting_pool,
          dreamdust_ecumenical_altar_angels_and_demons,
          minmay_stone_trees_medium, uniq_robin
D:4:      layout_gridville, uniq_duvessa, uniq_ijyb
D:5:      layout_cave_pools, mainiacjoe_overflow_boulevard,
          kennysheep_okawaru_gauntlet
D:6:      layout_rooms, nicolae_overflow_hidden_temple, serial_shops,
          nicolae_square_shop, uniq_maggie
D:7:      layout_rooms, dreamdust_divine_triumvirate,
          lemuel_coloured_pillars_altar, minmay_temple_entry_butterflies,
          kennysheep_minor_cross, hangedman_feature_mirror
D:8:      layout_basic
D:9:      layout_loops_ring, nemelex_spade_bored_becter, lemuel_round_altar
D:10:     nicolae_cairo_tiling, layout_layer_cave, minmay_ruffians
Temple:   jpeg_temple_alley_garden
Orc:1:    layout_caves
Orc:2:    pf_orc_diabolical, layout_caves, gammafunk_ghost_smash
Elf:1:    layout_geoelf_grid, serial_shops, shop_statue, special_room
          [special_room_orc], hangedman_elf_disciples, minivault_4,
          grunt_ministairs_8

Skill      XL: |  1  2  3  4  5  6  7  8  9 10 11 12 13 |
---------------+----------------------------------------+-----
Short Blades   | 2 3 4 5 6 7 8 9 10 | 10.0
Fighting       | 1 2 3 4 6 7 8 |  8.3
Dodging        | 3 4 5 6 7 8 9 |  9.4
Stealth        | 5 6 7 8 10 11 | 11.4
Spellcasting   | 3 4 5 6 7 8 |  8.1
Hexes          | 4 5 6 7 8 10 11 | 11.5
Armour         | 1 2 3 4 5 |  5.0

Action                   |  1- 3 |  4- 6 |  7- 9 | 10-12 | 13-15 || total
-------------------------+-------+-------+-------+-------+-------++-------
Melee: Dagger            |    33 |    64 |   141 |   298 |    12 ||   548
       Short sword       |       |       |       |    53 |       ||    53
 Cast: Ensorcelled Hiber |    19 |    13 |    42 |   148 |     9 ||   231
       Confusing Touch   |       |     1 |    14 |    18 |     1 ||    34
       Tukima's Dance    |       |       |     5 |     8 |       ||    13
Invok: Lunge             |       |       |     1 |    66 |     1 ||    68
       Whirlwind         |       |       |       |    19 |       ||    19
 Abil: Wall Jump         |       |       |       |     2 |       ||     2
  Use: Potion            |       |     1 |     1 |     3 |     2 ||     7
       Scroll            |       |     6 |       |     5 |     1 ||    12
 Stab: Sleeping          |    17 |    38 |    43 |   123 |     4 ||   225
       Invisible         |       |     3 |       |     2 |       ||     5
       Confused          |       |       |    11 |    18 |     1 ||    30
       Distracted        |       |       |     1 |     2 |       ||     3
Armor: Robe              |     5 |     5 |     7 |     9 |     4 ||    30
       Skin              |       |       |     1 |       |       ||     1
       Acid dragon scale |       |       |    18 |    78 |       ||    96
Dodge: Dodged            |    19 |    15 |    80 |   220 |    17 ||   351

Table legend: (Time is in decaauts)
 A = Elapsed time spent in this place.
 B = Non-inter-level travel time spent in this place.
 C = Inter-level travel time spent in this place.
 D = Time resting spent in this place.
 E = Time spent auto-exploring this place.
 F = Levels seen in this place.
 G = Mean time per level.
                   A        B        C        D        E       F      G
               +--------+--------+--------+--------+--------+-----+--------+
         Total |  13244 |   8177 |   5067 |   2001 |   3784 |  14 |  946.0 |
       Dungeon |  10783 |   6735 |   4048 |   1365 |   3516 |  10 | 1078.3 |
        Temple |    304 |    251 |     53 |      0 |    244 |   1 |  304.0 |
  Orcish Mines |   2147 |   1181 |    966 |    636 |     24 |   2 | 1073.5 |
   Elven Halls |      8 |      8 |      0 |      0 |      0 |   1 |    8.0 |
               +--------+--------+--------+--------+--------+-----+--------+

Top non-repeatable levels by time:
     D:3: 1587 daAuts
    D:10: 1499 daAuts
     D:2: 1373 daAuts
   Orc:2: 1368 daAuts
     D:4: 1249 daAuts
     D:8: 1233 daAuts
     D:9: 909 daAuts
     D:6: 830 daAuts
   Orc:1: 778 daAuts
     D:7: 760 daAuts
     D:5: 721 daAuts
     D:1: 619 daAuts
  Temple: 304 daAuts
   Elf:1: 8 daAuts
